 Dungeon Crawl Stone Soup version 0.29-a0-284-gf9362112df (webtiles) character file.

Game seed: 4661231503318189543

121 pokeman the Magician (level 4, 0/25 HPs)
             Began as a Deep Elf Hedge Wizard on Mar 27, 2022.
             Killed by divine providence
             ... invoked by an orc priest
              (14 damage)
             ... on level 3 of the Dungeon.
             The game lasted 00:04:17 (2949 turns).

pokeman the Magician (Deep Elf Hedge Wizard)        Turns: 2949, Time: 00:04:19

Health: 0/25       AC:  2    Str:  7    XL:     4   Next: 76%
Magic:  1/13       EV: 12    Int: 21    God:
Gold:   135        SH:  0    Dex: 14    Spells: 3/14 levels left

rFire   . . .      SeeInvis .   j - +0 long sword
rCold   . . .      Faith    .   (no shield)
rNeg    . . .      Spirit   .   b - +0 robe
rPois   .          Reflect  .   c - +0 hat
rElec   .          Harm     .   (no cloak)
rCorr   .          Rampage  .   (no gloves)
Will    .....                   (no boots)
Stlth   ++........              (no amulet)
HPRegen 0.08/turn               (no ring)
MPRegen 0.13/turn               (no ring)

@: no status effects
A: no striking features
a: no special abilities


You were on level 3 of the Dungeon.
You visited 1 branch of the dungeon, and saw 3 of its levels.

You collected 135 gold pieces.

Inventory:

Hand Weapons
 j - a +0 long sword (weapon)
Armour
 b - a +0 robe (worn)
 c - a +0 hat (worn)
Jewellery
 k - a ring of ice
Scrolls
 a - 3 scrolls of teleportation {unknown}
 e - 4 scrolls of fear {unknown}
 f - 4 scrolls of identify {unknown}
 h - a scroll of amnesia {unknown}
 i - a scroll of noise {unknown}
 l - a scroll of vulnerability {unknown}
 m - a scroll of blinking {unknown}
Potions
 d - a potion of magic
 g - a potion of haste {unknown}
 n - a potion of degeneration {unknown}


   Skills:
 - Level 1.0 Fighting
 - Level 1.0 Armour
 + Level 2.8 Dodging
 - Level 2.4 Stealth
 * Level 5.9 Spellcasting
 + Level 2.4 Conjurations
 - Level 1.1 Summonings
 - Level 1.1 Translocations
 - Level 1.0 Fire Magic
 + Level 0.0 Air Magic


You had 3 spell levels left.
You knew the following spells:

 Your Spells              Type           Power      Damage    Failure   Level
a - Magic Dart            Conj           64%        1d6       3%          1
b - Mephitic Cloud        Conj/Pois/Air  9%         N/A       22%         3
c - Call Imp              Summ           10%        N/A       10%         2
d - Blink                 Tloc           20%        N/A       10%         2
e - Conjure Flame         Conj/Fire      13%        6-21      14%         3

Your spell library contained the following spells:

 Spells                   Type           Power      Damage    Failure   Level
 Slow                     Hex            24%        N/A       10%         1


Dungeon Overview and Level Annotations

Branches:
Dungeon (3/15)

Altars:


Message History

The spell is extremely dangerous to miscast (22% risk of failure)!
Continue anyway?
Aiming: Mephitic Cloud (extremely dangerous; 22% risk of failure)
Press: ? - help, Shift-Dir - straight line, f - orc wizard
Aim: an orc wizard, wielding a +0 dagger and wearing a +0 robe (confused, chance to affect: 86%)
The ball explodes into a vile cloud!
The stinking cloud engulfs the orc wizard but does no damage.
The stinking cloud engulfs the orc but does no damage.
The orc wizard seems less confused.
The orc wizard is engulfed in noxious fumes.
The orc wizard appears confused.
The orc wizard hits the orc with a +0 dagger.
The orc is engulfed in noxious fumes.
The orc appears confused.
The orc closely misses the orc wizard.
Unknown command.
The orc wizard is engulfed in noxious fumes.
The orc wizard appears confused.
The orc is engulfed in noxious fumes.
The orc appears confused.
You hit the orc wizard.
The orc wizard is lightly wounded.
The orc priest calls upon Beogh to heal the orc.
The orc's wounds heal themselves!
The orc wizard is engulfed in blazing flames.
You kill the orc wizard!
The orc is engulfed in noxious fumes.
The orc appears confused.
The orc is engulfed in blazing flames.
You kill the orc!
The orc priest calls down the wrath of Beogh upon you.
Pain shoots through your body!
Your Fire Magic skill increases to level 1!
Really walk into that cloud of flame?
Okay, then.
Unknown command.
Unknown command.
Casting: Mephitic Cloud (extremely dangerous; 22% risk of failure)
Confirm with . or Enter, or press ? or * to list all spells.
A shadowy apparition takes form in the air.
The orc priest mumbles some strange prayers to Beogh against you.
Beogh smites you!
Ouch! That really hurt!
You die...

# #. #########
##.####################........
...........o.o5.@..†...........
...........############....###
...........# ...###....#
...........+ ..+......+
.......†...# ..####...#
..$........########.#.#....#
....†......##<...##.#......#
....oo.....#####.##.#.#.####
...........# #.##.....#


You could see 2 orc priests and a friendly shadow imp (summoned).

Vanquished Creatures
  Jessica (D:2)
  An orc wizard (D:3)
  2 adders
  2 dart slugs
  2 orcs (D:3)
  8 bats
  2 endoplasms (D:1)
  2 giant cockroaches
  6 goblins
  A hobgoblin (D:2)
  2 jackals (D:3)
  3 quokkas
  3 ball pythons
  3 frilled lizards
  4 kobolds (D:1)
  2 rats
44 creatures vanquished.

Notes
Turn   | Place    | Note
-------+----------+-------------------------------------------
     0 | D:1      | pokeman the Deep Elf Hedge Wizard began the quest for the
                  | Orb.
     0 | D:1      | Reached XP level 1. HP: 10/10 MP: 7/7
   452 | D:1      | Found a faded altar of an unknown god.
   555 | D:1      | Reached XP level 2. HP: 16/16 MP: 5/9
  1152 | D:1      | Reached skill level 5 in Spellcasting
  1675 | D:2      | Noticed Jessica
  1682 | D:2      | Killed Jessica
  1683 | D:2      | Reached skill level 1 in Fighting
  1683 | D:2      | Reached skill level 1 in Armour
  1683 | D:2      | Reached XP level 3. HP: 20/20 MP: 4/11
  1687 | D:2      | Learned a level 3 spell: Mephitic Cloud
  1690 | D:2      | Learned a level 2 spell: Call Imp
  1693 | D:2      | Learned a level 2 spell: Blink
  1697 | D:2      | Learned a level 3 spell: Conjure Flame
  2283 | D:2      | Reached XP level 4. HP: 25/25 MP: 5/13
  2948 | D:3      | Reached skill level 1 in Fire Magic
  2949 | D:3      | Killed from afar by an orc priest

Illustrated notes

Levels and vault maps discovered:
D:1:      evilmike_arrival_hilbert_curve, layout_basic,
          chequers_ecumenical_altar_simple_redux, grunt_decor_junction
D:2:      layout_loops_ring, uniq_jessica
D:3:      layout_basic, uniq_robin, uniq_sigmund, uniq_grinder

Skill      XL: |  1  2  3  4 |
---------------+-------------+-----
Spellcasting   | 5 |  5.9
Fighting       | 1 |  1.0
Armour         | 1 |  1.0
Conjurations   | 2 |  2.4
Fire Magic     | 1 |  1.0
Dodging        | |  2.8
Stealth        | |  2.4
Summonings     | |  1.1
Translocations | |  1.1

Action                   |  1- 3 |  4- 6 || total
-------------------------+-------+-------++-------
Melee: Dagger            |     5 |       ||     5
       Long sword        |       |    13 ||    13
 Cast: Magic Dart        |    84 |    10 ||    94
       Conjure Flame     |       |     2 ||     2
       Mephitic Cloud    |       |     2 ||     2
       Call Imp          |       |     1 ||     1
 Stab: Sleeping          |     1 |       ||     1
Armor: Robe              |     3 |     2 ||     5
Dodge: Dodged            |     8 |    14 ||    22

Table legend: (Time is in decaauts)
 A = Elapsed time spent in this place.
 B = Non-inter-level travel time spent in this place.
 C = Inter-level travel time spent in this place.
 D = Time resting spent in this place.
 E = Time spent auto-exploring this place.
 F = Levels seen in this place.
 G = Mean time per level.
                   A        B        C        D        E       F      G
               +--------+--------+--------+--------+--------+-----+--------+
         Total |   2953 |   2900 |     53 |      0 |   2639 |   3 |  984.3 |
       Dungeon |   2953 |   2900 |     53 |      0 |   2639 |   3 |  984.3 |
               +--------+--------+--------+--------+--------+-----+--------+

Top non-repeatable levels by time:
     D:1: 1639 daAuts
     D:2: 1130 daAuts
     D:3: 183 daAuts
